 Dungeon Crawl Stone Soup version 0.22-a0-136-g83a10e5 (webtiles) character file.

436 nono the Changer (level 7, -4/32 HPs)
             Began as a Vine Stalker Transmuter on Feb 3, 2018.
             Slain by an orc priest
             ... wielding a +1 trident of venom
              (6 damage)
             ... on level 4 of the Dungeon.
             The game lasted 00:08:51 (1375 turns).

nono the Changer (Vine Stalker Transmuter)          Turns: 1375, Time: 00:08:52

Health: -4/32      AC:  3    Str: 13    XL:     7   Next: 1%
Magic:  0/21       EV: 12    Int: 15    God:
Gold:   49         SH:  5    Dex: 14    Spells: 6/12 levels left

rFire    . . .     SeeInvis .     - Unarmed
rCold    . . .     Gourm    .   (no shield)
rNeg     . . .     Faith    .   b - +0 robe
rPois    .         Spirit   +   t - +0 hat
rElec    .         Reflect  +   (no cloak)
rCorr    .         Harm     .   n - +0 pair of gloves
MR       .....                  (no boots)
Stlth    +.........             h - +5 amulet of reflection (curse)
HPRegen  0.50/turn              g - ring of magical power
MPRegen  0.17/turn              (no ring)

@: lethally poisoned (-4 -> -17), slowed, very slow
A: fangs 2, regeneration 1, magic shield, antimagic bite, no potion heal 3, rot
immunity
a: no special abilities


You were on level 4 of the Dungeon.
You were hungry.

You visited 1 branch of the dungeon, and saw 4 of its levels.

You collected 97 gold pieces.
You spent 48 gold pieces at shops.

Inventory:

Missiles
 a - 12 arrows
 u - a throwing net (quivered)
Armour
 b - a +0 robe (worn)
 n - a +0 pair of gloves (worn)
 t - a +0 hat (worn)
Jewellery
 g - a ring of magical power (left hand)
 h - a cursed +5 amulet of reflection (around neck)
 k - an uncursed amulet of regeneration {unknown}
 l - an uncursed ring of fire
Scrolls
 f - a scroll of teleportation
 j - a scroll of fog {unknown}
 m - 2 scrolls of identify {unknown}
 o - a scroll of amnesia {unknown}
 q - 5 scrolls of enchant armour {unknown}
 r - 3 scrolls of remove curse {unknown}
Potions
 e - a potion of heal wounds {unknown}
 i - 2 potions of curing {unknown}
 p - a potion of degeneration {unknown}
Books
 c - a book of Changes

   Spells                             Type                      Level
   a - Beastly Appendage              Transmutation                1
   b - Sticks to Snakes               Transmutation                2
   c - Spider Form                    Transmutation/Poison         3
   d - Ice Form                       Ice/Transmutation            4
   e - Blade Hands                    Transmutation                5
Comestibles
 d - 2 rations
 s - 5 chunks of flesh


   Skills:
 - Level 0.8 Fighting
 - Level 1.5 Dodging
 - Level 3.0 Unarmed Combat
 - Level 3.0 Spellcasting
 + Level 7.0 Transmutations


You had 6 spell levels left.
You knew the following spells:

 Your Spells              Type           Power        Failure   Level  Hunger
a - Beastly Appendage     Tmut           ###...       1%          1    #......
b - Sticks to Snakes      Tmut           ###.....     1%          2    ##.....
c - Spider Form           Tmut/Pois      ##........   14%         3    ###....


Dungeon Overview and Level Annotations

Branches:
Dungeon (4/15)
 Temple: D:4-7

Altars:
Qazlal
The Shining One

Shops:
D:4 [

Annotations:
D:3 1 runed door


Innate Abilities, Weirdness & Mutations

You have extremely sharp teeth.
Your natural rate of healing is unusually fast.
When hurt, damage is shared between your health and your magic reserves.
Your bite disrupts and absorbs the magic of your enemies.
Potions cannot restore your health.
You are immune to rotting.


Message History

The orc priest is poisoned.
The orc priest is almost dead.
Your transformation has ended.
Your +0 hat unmelds from your body.
Your +0 pair of gloves unmelds from your body.
Your +0 robe unmelds from your body.
* * * LOW HITPOINT WARNING * * *
You feel sick.
The orc wizard points at you and mumbles some strange words.
The magic dart hits you!
* * * LOW HITPOINT WARNING * * *
The orc priest hits you with a trident of venom.
* * * LOW HITPOINT WARNING * * *
You are more poisoned.
* * * LOW HITPOINT WARNING * * *
You feel sick.
The orc wizard points at you and mumbles some strange words.
You feel yourself slow down.
The orc priest hits you from afar with a trident of venom!
You die...

#. ###. #. # ... ..
.# #.#..## #.###.#
#.#..# #?....##.#
#.#.. .
ho......####.#. .
#oo...... ....# #
#)##.# #..# #@##.#
###..#### #.##.#
#...<....
##.##.#####.#..####
#...#..........#
##...#########.#
#§§§# #.# #§§§# #.#
#§§§# ..# #...# ###


You could see a hound, an orc priest, an orc wizard and an orc.

Vanquished Creatures
  Purgy (D:3)
  An ogre (D:4)
  A scorpion (D:4)
  An orc wizard (D:4)
  A worker ant (D:3)
  4 gnolls (D:4)
  7 adders
  2 worms
  2 dart slugs (D:1)
  2 leopard geckos
  An orc (D:4)
  A giant cockroach (D:3)
  5 goblins
  2 hobgoblins
  A quokka (D:3)
  A ball python (D:3)
  2 bats (D:2)
  4 frilled lizards
  3 kobolds
  5 rats
47 creatures vanquished.

Notes
Turn   | Place    | Note
-------+----------+-------------------------------------------
     0 | D:1      | nono the Vine Stalker Transmuter began the quest for the Orb.
     0 | D:1      | Reached XP level 1. HP: 9/9 MP: 4/4
    83 | D:1      | Reached XP level 2. HP: 14/14 MP: 3/6
   321 | D:2      | Learned a level 2 spell: Sticks to Snakes
   402 | D:2      | Reached XP level 3. HP: 16/17 MP: 8/8
   408 | D:2      | Learned a level 3 spell: Spider Form
   599 | D:2      | Reached skill level 3 in Transmutations
   631 | D:2      | Gained mutation: Your natural rate of healing is unusually fast. [Vine Stalker growth]
   631 | D:2      | Reached XP level 4. HP: 16/21 MP: 9/9
   723 | D:2      | Reached skill level 4 in Transmutations
   873 | D:3      | Found a glowing golden altar of the Shining One.
   873 | D:3      | Noticed an angel
   879 | D:3      | Found a runed door.
   953 | D:3      | Reached XP level 5. HP: 15/25 MP: 10/10
  1098 | D:3      | Noticed Purgy
  1116 | D:3      | Killed Purgy
  1116 | D:3      | Reached skill level 5 in Transmutations
  1118 | D:3      | Reached XP level 6. HP: 20/29 MP: 11/11
  1154 | D:4      | Reached skill level 6 in Transmutations
  1205 | D:4      | Found a stormy altar of Qazlal.
  1215 | D:4      | Found Xipu's Armour Shop.
  1222 | D:4      | Bought a +0 hat for 48 gold pieces
  1368 | D:4      | Reached skill level 7 in Transmutations
  1368 | D:4      | Reached XP level 7. HP: 28/32 MP: 12/12
  1375 | D:4      | Slain by an orc priest

Vault maps used:
D:1:      kennysheep_arrival_seaside, serial_bayou_lagoon_a
D:2:      st_stairs_5, kennysheep_generic_room_2
D:3:      nicolae_overflow_hidden_temple, lemuel_angel_altar, uniq_purgy
D:4:      marbit_many_paths, grunt_qazlal_clouds, lemuel_coloured_pillars_altar,
          serial_shops, shop, lemuel_flame_loot_1

Skill      XL: |  1  2  3  4  5  6 |
---------------+-------------------+-----
Spellcasting   | 3 |  3.0
Transmutations | 3 4 5 7 |  7.0
Fighting       | |  0.8
Dodging        | |  1.5
Unarmed Combat | |  3.0

Action                   |  1- 3 |  4- 6 |  7- 9 || total
-------------------------+-------+-------+-------++-------
Melee: Unarmed           |    57 |    96 |     5 ||   158
       Bite              |    13 |     3 |       ||    16
       Kick              |     4 |     1 |       ||     5
       Headbutt          |     4 |       |       ||     4
 Cast: Beastly Appendage |    14 |     3 |       ||    17
       Spider Form       |     2 |    13 |       ||    15
 Abil: End Transformatio |       |     1 |       ||     1
  Use: Scroll            |     1 |       |       ||     1
  Eat: Chunk             |       |     3 |       ||     3
Armor: Robe              |     2 |     3 |       ||     5
       Skin              |     1 |     6 |       ||     7
Dodge: Dodged            |    28 |    76 |     3 ||   107
Block: Other             |     9 |    27 |       ||    36
       Reflection        |     2 |       |       ||     2

Table legend:
 A = Spawn XP
 B = Non-spawn XP
 C = Spawn XP percentage of total XP
 D = Spawn monster count
 E = Non-spawn monster count
 F = Spawn count percentage of total count
 G = Total turns spent on level
                    A         B        C        D         E        F      G
               +---------+---------+-------+---------+---------+-------+---------
         Total |       0 |     623 |   0.0 |       0 |      47 |   0.0 |  1375
               +---------+---------+-------+---------+---------+-------+---------
           D:1 |       0 |      22 |   0.0 |       0 |      11 |   0.0 |   320
           D:2 |       0 |      98 |   0.0 |       0 |      16 |   0.0 |   470
           D:3 |       0 |     199 |   0.0 |       0 |      11 |   0.0 |   353
           D:4 |       0 |     304 |   0.0 |       0 |       9 |   0.0 |   232
               +---------+---------+-------+---------+---------+-------+---------
